[Event "Live Chess"]
[Site "Chess.com"]
[Date "2024.06.02"]
[Round "-"]
[White "Plimsol"]
[Black "ProfessorChess101"]
[Result "0-1"]
[WhiteElo "2372"]
[BlackElo "2742"]
[TimeControl "300"]
[EndTime "8:06:08 PDT"]
[Termination "ProfessorChess101 won on time"]

1. e4 e5 2. Nf3 Nc6 3. Bb5 a6 4. Bxc6 dxc6 5. O-O Qf6 6. d4 exd4 7. Bg5 Qd6 8. Nxd4 Be7 9. Be3 Nf6 10. Nc3 Ng4 11. Nf3 Nxe3 12. fxe3 Bg4 13. h3 Be6 14. Nd4 O-O-O 15.
Qh5 Qc5 16. e5 Qb6 17. Na4 Qa7 18. Nxe6 Qxe3+ 19. Kh1 fxe6 20. Qf7 Rhe8 21. Qxe6+ Kb8 22.
Rae1 Qd4 23. Qb3 Bh4 24. c3 Qd5 25. Rd1 Qxe5 26. Qb4 Be7 27. Rxd8+ Rxd8 28. Qg4 h5 29. Qf5 Qxf5 30. Rxf5 Rd1+ 31. Kh2 g6 32. Rf7 Bd6+ 33. g3 b5 0-1

[Event "Live Chess"]
[Site "Chess.com"]
[Date "2024.06.02"]
[Round "-"]
[White "ivan_1968"]
[Black "Duke_of_Bebington"]
[Result "1-0"]
[WhiteElo "1802"]
[BlackElo "1574"]
[TimeControl "300"]
[EndTime "8:06:19 PDT"]
[Termination "ivan_1968 won by resignation"]

1. d4 d5 2. c4 c6 3. Nf3 Nf6 4.
Qc2 e6 5. g3 Be7 6. Bg2 O-O 7.
O-O Nbd7 8. Nbd2 Nb6 9. Rd1 dxc4 10. Nxc4 Nxc4 11. Qxc4 Qb6 12. a3 Nd5 13. e4 Nf6 14. Qe2 Rd8 15. h3 h6 16. Be3 Qc7 17. Rac1 b6 18.
Ne5 Bb7 19. b4 Nd7 20. Nxc6 Bxc6 21. d5 exd5 22. exd5 1-0

[Event "Live Chess"]
[Site "Chess.com"]
[Date "2024.06.02"]
[Round "-"]
[White "StoreySniper"]
[Black "LaupMiths"]
[Result "1-0"]
[WhiteElo "2489"]
[BlackElo "1824"]
[TimeControl "300"]
[EndTime "8:06:30 PDT"]
[Termination "StoreySniper won by resignation"]

1. e4 d6 2. d4 g6 3. c4 Nf6 4.
Nc3 Bg7 5. f3 O-O 6. Be3 c5 7.
d5 a6 8. Qd2 Bd7 9. Bd3 b5 10.
cxb5 axb5 11. Bxb5 Qa5 12. Bc4 Na6 13. Nge2 Rfb8 14. O-O Nc7 15. a4 Qb4 16. b3 Nfe8 17. Ra2 Na6 18. Qd3 Qa5 19. Bxa6 Rxa6 20. Rb1 Rab6 21.
Qc2 Nc7 22. Bd2 Qa8 23. Bg5 Bd4+ 24. Nxd4 cxd4 25. Ne2 f6 26. Bh6 Na6 27. Bd2 Qa7 28. Kh1 Nb4 29. Bxb4 Rxb4 30. Nc1 f5 31. Nd3 R4b6 32. b4 Rc8 33. Qf2 Rb7 34. b5 Qa5 35.
Nb4 Rc4 36. Qd2 fxe4 37. fxe4 e5 38. h3 Rbc7 39. Nc6 Qxd2 40. Rxd2 Rxa4 41. b6 Rb7 42. Nd8 Rb8 43. b7 Rc4 44. Ra2 Rxd8 45. Ra8 1-0

[Event "Live Chess"]
[Site "Chess.com"]
[Date "2024.06.02"]
[Round "-"]
[White "Queensandpawns"]
[Black "Andysav3"]
[Result "0-1"]
[WhiteElo "2235"]
[BlackElo "1895"]
[TimeControl "300"]
[EndTime "8:06:33 PDT"]
[Termination "Andysav3 won by resignation"]

1. e4 Nf6 2. e5 Nd5 3. c4 Nb6 4. d4 d6 5. exd6 cxd6 6. Nc3 g6 7. h4 h5 8. Nf3 Bg7 9. Be3 Bg4 10. Qd2 Nc6 11. d5 Bxf3 12. gxf3 Ne5 13. Bxb6 Qxb6 14. Be2 Rc8 15. Na4 Qa6 16. c5 Qxa4 17. cxd6 exd6 0-1

[Event "Live Chess"]
[Site "Chess.com"]
[Date "2024.06.02"]
[Round "-"]
[White "Vladyslav2008"]
[Black "Pandreq"]
[Result "1-0"]
[WhiteElo "2254"]
[BlackElo "1232"]
[TimeControl "300"]
[EndTime "8:06:41 PDT"]
[Termination "Vladyslav2008 won by checkmate"]

1. e4 Nf6 2. e5 Nd5 3. c4 Nb6 4. d4 d6 5. f4 Nc6 6. d5 Nb4 7. a3 Na6 8. b4 dxe5 9. fxe5 e6 10.
dxe6 Bxe6 11. Qc2 Qd4 12. Bb2 Qe3+ 13. Be2 Nxc4 14. Nf3 Nxb4 15. axb4 Bxb4+ 16. Bc3 Bf5 17. Qa4+ Kd8 18. Qxb4 Bd3 19. Ra2 Bxb1 20. Qxc4 Bxa2 21.
Qxa2 Qc1+ 22. Kf2 Qxc3 23. Qxf7 Qc5+ 24. Kg3 Rf8 25. Rd1+ Kc8 26. Qd7+ Kb8 27. Qd8+ Rxd8 28. Rxd8# 1-0

[Event "Live Chess"]
[Site "Chess.com"]
[Date "2024.06.02"]
[Round "-"]
[White "MagnersCarlsberg2870"]
[Black "Larchikov"]
[Result "0-1"]
[WhiteElo "1768"]
[BlackElo "2123"]
[TimeControl "300"]
[EndTime "8:06:44 PDT"]
[Termination "Larchikov won by resignation"]

1. d4 Nf6 2. Nf3 d5 3. e3 c5 4.
Bd3 Nc6 5. c3 Bg4 6. h3 Bxf3 7.
Qxf3 e5 8. Bb5 e4 9. Bxc6+ bxc6 10. Qe2 cxd4 11. exd4 Bd6 12. O-O O-O 13. f3 Re8 14.
Bg5 h6 15. Bxf6 Qxf6 16. fxe4 Qh4 17. e5 Bc7 18. Qf3 f6 19. Nd2 Re7 20. Rae1 fxe5 21.
dxe5 Bxe5 22. Qf5 Bd4+ 23. Kh1 Rxe1 24. Qf7+ Kh8 25. cxd4 Rxf1+ 26. Qxf1 Qxd4 27. Nf3 Qxb2 28. Qa6 Qf6 29. Qb7 Rd8 30. Qxa7 d4 31. a4 d3 32. Nd2 Re8 33. Qc7 Re1+ 34. Kh2 Qe5+ 35. Qxe5 Rxe5 36. Nc4 Re2 0-1

[Event "Live Chess"]
[Site "Chess.com"]
[Date "2024.06.02"]
[Round "-"]
[White "degringolade64"]
[Black "joellloyd"]
[Result "1-0"]
[WhiteElo "2085"]
[BlackElo "1897"]
[TimeControl "300"]
[EndTime "8:07:05 PDT"]
[Termination "degringolade64 won by resignation"]

1. e4 c6 2. d4 d5 3. e5 c5 4.
dxc5 Nc6 5. Nf3 Bg4 6. c3 Bxf3 7. Qxf3 Nxe5 8. Bb5+ Nc6 9. c4 e6 10. O-O Bxc5 11. Nc3 Nf6 12. Bg5 O-O 13. Bxf6 Qxf6 14. Qxf6 gxf6 15. cxd5 exd5 16. Nxd5 Nd4 17. Nxf6+ Kg7 18.
Ne4 Bb6 19. Bd3 Rfe8 20. Rad1 Rac8 21. Nd6 1-0

[Event "Live Chess"]
[Site "Chess.com"]
[Date "2024.06.02"]
[Round "-"]
[White "TC2304"]
[Black "blunderabit"]
[Result "1-0"]
[WhiteElo "2322"]
[BlackElo "1766"]
[TimeControl "300"]
[EndTime "8:07:08 PDT"]
[Termination "TC2304 won on time"]

1. d4 d5 2. Nf3 Nf6 3. g3 b5 4.
Bg2 e6 5. O-O Bb7 6. a4 b4 7.
Nbd2 Nbd7 8. Ne5 Be7 9. Ndf3 Ne4 10. Nxd7 Qxd7 11. Ne5 Qd8 12. a5 a6 13. f3 Nf6 14. Bd2 O-O 15. Nd3 Qd7 16. Bxb4 Bxb4 17. Nxb4 Qb5 18. Nd3 Nd7 19. b4 Bc6 20. f4 Qb7 21. c3 Bb5 22. e3 Bxd3 23. Qxd3 Nf6 24. h3 h5 25. Bf3 g6 26. Kg2 Kg7 27. g4 hxg4 28. hxg4 Rh8 29. Rh1 Qc6 30. g5 Ne8 31.
Rxh8 Kxh8 32. Kg3 Nd6 33. Qd2 Nf5+ 34. Kg4 Kg7 35. Rh1 Qc4 36. Be2 Qb3 37. Bd3 Rg8 38. Kf3 Rh8 39. Rxh8 Kxh8 40. Bxa6 Qb1 41. Qh2+ Kg8 42.
Be2 Qc1 43. Qf2 1-0

[Event "Live Chess"]
[Site "Chess.com"]
[Date "2024.06.02"]
[Round "-"]
[White "RichardABates"]
[Black "Hazban"]
[Result "1-0"]
[WhiteElo "2370"]
[BlackElo "2053"]
[TimeControl "300"]
[EndTime "8:07:22 PDT"]
[Termination "RichardABates won by checkmate"]

1. d4 Nf6 2. Nf3 d6 3. c4 g6 4. g3 Bg7 5. Bg2 c6 6. O-O O-O 7. Nc3 Bg4 8. h3 Bxf3 9. Bxf3 Nbd7 10. e4 e5 11. d5 c5 12. g4 a6 13. Be3 Rb8 14. a4 Nb6 15. b3 Nfd7 16. g5 f5 17. h4 f4 18. Bd2 Kh8 19. Kg2 Rf7 20. a5 Nc8 21. Rh1 Nf8 22. Bg4 Ne7 23. h5 Kg8 24.
Be6 Nxe6 25. dxe6 Rf8 26. Qg4 Qe8 27. Nd5 Nxd5 28. cxd5 gxh5 29. Rxh5 f3+ 30. Kg3 Qg6 31. Rah1 Rf4 32. Bxf4 exf4+ 33. Kxf3 b6 34. Qf5 bxa5 35. Rxh7 Rxb3+ 36. Kg4 Qxf5+ 37. exf5 Be5 38. f6 Rb4 39. Rh8# 1-0

[Event "Live Chess"]
[Site "Chess.com"]
[Date "2024.06.02"]
[Round "-"]
[White "Cruiseylee78"]
[Black "silunn"]
[Result "0-1"]
[WhiteElo "1684"]
[BlackElo "2066"]
[TimeControl "300"]
[EndTime "8:07:35 PDT"]
[Termination "silunn won by resignation"]

1. d4 e6 2. Bf4 d6 3. e3 Nd7 4.
Bd3 e5 5. Bg3 g6 6. Nd2 Bg7 7. c3 f5 8. Qc2 Ngf6 9. O-O-O c6 10. Bh4 Qa5 11. Kb1 b5 12. e4 fxe4 13. Nxe4 Nxe4 14.
Bxe4 O-O 15. Bxc6 Nb6 16. Bxa8 Nxa8 17. Be7 Rf7 18. Bxd6 Bf5 19. Rd3 Qb6 20. Bc5 Qc6 21.
Nf3 e4 22. Ne5 Bxe5 23. Re3 Bf4 24. g3 Bxe3 25. fxe3 Nb6 26. Rf1 Nc4 27. Qe2 Bg4 28.
Qg2 Rxf1+ 29. Qxf1 Nd2+ 0-1

[Event "Live Chess"]
[Site "Chess.com"]
[Date "2024.06.02"]
[Round "-"]
[White "NAZRIZ1977"]
[Black "missedJariChance"]
[Result "1-0"]
[WhiteElo "2075"]
[BlackElo "1364"]
[TimeControl "300"]
[EndTime "8:07:45 PDT"]
[Termination "NAZRIZ1977 won by resignation"]

1. d4 d5 2. c4 e6 3. Nc3 Nf6 4. Bg5 Be7 5. e3 c5 6. cxd5 Nxd5 7. Bxe7 Nxe7 8. dxc5 O-O 9. Qxd8 Rxd8 10. Nf3 Nbc6 11. a3 e5 12. b4 Ng6 13. Bc4 Bg4 14. Ng5 Rd7 15. f3 h6 16. Nxf7 Rxf7 17. fxg4 Rd8 18.
Rf1 Rf8 19. Ne4 Nh4 20. Nd6 Nxg2+ 21. Ke2 1-0

[Event "Live Chess"]
[Site "Chess.com"]
[Date "2024.06.02"]
[Round "-"]
[White "Ocelot32"]
[Black "kylet1990"]
[Result "1-0"]
[WhiteElo "1386"]
[BlackElo "766"]
[TimeControl "300"]
[EndTime "8:08:16 PDT"]
[Termination "Ocelot32 won by checkmate"]

1. e4 c6 2. d4 d5 3. Nc3 dxe4 4. Nxe4 Bf5 5. Ng3 Bg6 6. Nf3 e6 7. Bd3 Bd6 8. O-O Nf6 9. c3 Qd7 10. Bg5 Be7 11. Re1 O-O 12. Ne5 Qd8 13. Bxg6 fxg6 14. Bxf6 gxf6 15. Ng4 Nd7 16. Rxe6 Kg7 17. Qe2 Rf7 18.
Re1 Kf8 19. Nh6 Rg7 20. c4 c5 21. d5 f5 22. d6 f4 23. Ne4 Bg5 24. Nxg5 Qxg5 25.
Re8+ Rxe8 26. Qxe8# 1-0

[Event "Live Chess"]
[Site "Chess.com"]
[Date "2024.06.02"]
[Round "-"]
[White "ameetghasi100"]
[Black "lyricalschemes"]
[Result "1-0"]
[WhiteElo "2757"]
[BlackElo "2205"]
[TimeControl "300"]
[EndTime "8:08:17 PDT"]
[Termination "ameetghasi100 won by resignation"]

1. c4 e5 2. Nc3 Nf6 3. e3 c6 4. d4 e4 5. d5 Bb4 6. Ne2 O-O 7. a3 Bxc3+ 8. Nxc3 Re8 9. d6 c5 10. g4 Nc6 11. g5 Ne5 12. gxf6 Nf3+ 13. Ke2 Qxf6 14.
Bg2 Ng5 15. h4 Nf3 16. Nxe4 Rxe4 17. Bxf3 Rxc4 18. Qd3 Rxh4 19. Rxh4 Qxh4 20. Bd2 c4 21. Qe4 Qxe4 22. Bxe4 1-0

[Event "Live Chess"]
[Site "Chess.com"]
[Date "2024.06.02"]
[Round "-"]
[White "V1nas"]
[Black "McCarthyStone"]
[Result "0-1"]
[WhiteElo "1319"]
[BlackElo "2464"]
[TimeControl "300"]
[EndTime "8:08:18 PDT"]
[Termination "McCarthyStone won by resignation"]

1. d4 Nf6 2. Nf3 g6 3. g3 Bg7 4. Bg2 O-O 5. O-O c6 6. b3 a5 7. a3 a4 8. Bb2 axb3 9. c4 d5 10. Qxb3 dxc4 11. Qxc4 Be6 12. Qc2 Bf5 13. Qc1 Nbd7 14. e3 Nb6 15. Nbd2 Na4 16. Rb1 Bxb1 17. Qxb1 Qb6 18. Nc4 Qb3 19. Nfd2 Qb5 20. Qc2 Nxb2 21. Nxb2 Rxa3 22. Rb1 Rfa8 23. Bf1 Qf5 24. e4 Qd7 25. e5 Nd5 26. Nbc4 Ra1 27. Bd3 b5 28. Ne3 Nb4 29. Qc3 Rxb1+ 30. Nxb1 Nxd3 31. Qxd3 Bxe5 32. Kg2 Qxd4 33. Qb3 Ra1 34. Na3 Qa4 35. Qd3 Rxa3 36.
Qd8+ Kg7 37. Qxe7 Qe4+ 38. Kh3 Rxe3 39. fxe3 Qxe3 40. Qc5 0-1

[Event "Live Chess"]
[Site "Chess.com"]
[Date "2024.06.02"]
[Round "-"]
[White "booktrunk"]
[Black "LL220284LL"]
[Result "0-1"]
[WhiteElo "1491"]
[BlackElo "2468"]
[TimeControl "300"]
[EndTime "8:08:22 PDT"]
[Termination "LL220284LL won by resignation"]

1. d4 g6 2. Nc3 Bg7 3. Bf4 d6 4. e4 Nc6 5. e5 dxe5 6. dxe5 Qxd1+ 7. Rxd1 a6 8. Nf3 Bg4 9. Be2 Rd8 10. Rxd8+ Kxd8 11. O-O Kc8 12. h3 Bxf3 13. Bxf3 Nxe5 14. Re1 Nxf3+ 15. gxf3 e6 16. Be5 Bxe5 17. Rxe5 Ne7 18. Re4 Rd8 19. Kg2 Nf5 20. Re2 Rd4 21. Ne4 b6 22. c3 Rd1 23. a3 Kb7 24. Nf6 h5 25. f4 Rd3 26. Ne4 Nh4+ 27. Kh2 Rf3 28. Re3 Rxf4 29.
Kg3 e5 30. Ng5 Nf5+ 0-1

[Event "Live Chess"]
[Site "Chess.com"]
[Date "2024.06.02"]
[Round "-"]
[White "DavrosLight"]
[Black "willc-h99"]
[Result "0-1"]
[WhiteElo "802"]
[BlackElo "2597"]
[TimeControl "300"]
[EndTime "8:08:24 PDT"]
[Termination "willc-h99 won by checkmate"]

1. e4 d5 2. exd5 Qxd5 3. Nf3 Bg4 4. Nc3 Qd7 5. h3 Bh5 6. g4 Bg6 7. d4 Nc6 8. Ne5 Nxe5 9. dxe5 Qxd1+ 10. Nxd1 Bxc2 11.
Ne3 Be4 12. Bg2 Bxg2 13. Nxg2 e6 14. O-O O-O-O 15. Be3 Kb8 16. a4 Ne7 17. Nf4 Nd5 18. Nxd5 Rxd5 19. f4 Rd3 20. Bf2 Bb4 21. Kg2 Rhd8 22.
a5 a6 23. Ra4 Rb3 24. f5 Rxb2 25. fxe6 fxe6 26. Kg1 c5 27. Raa1 Rd3 28. h4 Kc7 29. g5 Kc6 30. Rac1 Re2 31. Rc4 Kb5 32. Rf4 Rd7 33.
Rb1 Kxa5 34. Bxc5 Bxc5+ 35. Kf1 Rh2 36. Ra1+ Kb6 37. Rb1+ Ka7 38. Rb3 Rd1# 0-1

[Event "Live Chess"]
[Site "Chess.com"]
[Date "2024.06.02"]
[Round "-"]
[White "matt1979"]
[Black "TheSmoulderingMaster"]
[Result "0-1"]
[WhiteElo "1416"]
[BlackElo "1780"]
[TimeControl "300"]
[EndTime "8:08:25 PDT"]
[Termination "TheSmoulderingMaster won by resignation"]

1. f4 e5 2. fxe5 d6 3. Nf3 Bg4 4. e4 Bxf3 5. Qxf3 dxe5 6. Bc4 Nf6 7. d3 Nc6 8. O-O Nd4 9. Qf2 Bc5 10. Kh1 Nb3 11.
Qf3 Nxa1 12. Bg5 Be7 13. Qf2 Ng4 14. Qh4 Ne3 15. Bxf7+ Kd7 16. Qh3+ Kc6 17. Bxe7 Qxe7 18.
Bd5+ Nxd5 19. exd5+ Kxd5 20. Nc3+ Kd6 21. Rxa1 a6 22.
Qf3 c6 23. Ne4+ Kc7 24. Re1 Rhf8 25. Qe3 Rf4 26. Qd2 Raf8 27. Qe2 Kb8 28. Ng3 g5 29. h3 g4 30. hxg4 Qh4+ 31. Kg1 Qxg3 32. Qxe5+ Ka8 33.
Qe7 Rf2 34. Qe4 Rxg2+ 35. Qxg2 Qxe1+ 36. Kh2 Rf2 0-1

[Event "Live Chess"]
[Site "Chess.com"]
[Date "2024.06.02"]
[Round "-"]
[White "JohanKjeldahl"]
[Black "Zhevzh1k7"]
[Result "0-1"]
[WhiteElo "1787"]
[BlackElo "1128"]
[TimeControl "300"]
[EndTime "8:08:33 PDT"]
[Termination "Zhevzh1k7 won by resignation"]

1. e4 c6 2. d4 d5 3. Nd2 c5 4. exd5 Qxd5 5. Bc4 Qxd4 6. Ngf3 Qd8 7. Ne5 e6 8. O-O Bd6 9. Qe2 Nf6 10. Ndf3 Nbd7 11. Rd1 O-O 12. Bg5 Bxe5 13. Nxe5 Qe7 14. Ng4 h6 15.
Bh4 a6 16. a4 b6 17. Qf3 Rb8 18. Nxf6+ Nxf6 19. Rd2 b5 20. axb5 axb5 21. Bd3 c4 22. Be4 g5 23. Bg3 Nxe4 24. Qxe4 Bb7 25. Qe3 Rbc8 26.
Bd6 Qf6 27. Bxf8 Kxf8 28. c3 Bd5 29. Ra7 Ra8 30. Qc5+ Kg7 31. Rxa8 Bxa8 32. Rd8 Qxd8 33. h3 Qd5 34. Qxd5 Bxd5 35. Kf1 Kf6 36. Ke2 Ke5 37. Ke3 f5 38. g3 f4+ 39. gxf4+ gxf4+ 40. Ke2 Ke4 41. f3+ Kf5 42. Kf2 e5 43. Ke2 e4 44.
fxe4+ Bxe4 45. Kf2 h5 46. Ke2 Bd3+ 47. Kf3 Be4+ 48. Kf2 h4 49. Ke2 Bg2 50. Kf2 Bxh3 0-1

[Event "Live Chess"]
[Site "Chess.com"]
[Date "2024.06.02"]
[Round "-"]
[White "Purple1szed"]
[Black "gmnorfolk"]
[Result "0-1"]
[WhiteElo "2001"]
[BlackElo "2125"]
[TimeControl "300"]
[EndTime "8:08:51 PDT"]
[Termination "gmnorfolk won by checkmate"]

1. e4 c5 2. c3 e6 3. d4 d5 4. exd5 exd5 5. Nf3 Nc6 6. Bd3 Bd6 7. O-O Nge7 8. Be3 h6 9. dxc5 Bc7 10. Nbd2 Bg4 11. h3 Bh5 12. Re1 O-O 13. Be2 Nf5 14. Nd4 Nxe3 15.
fxe3 Bg6 16. N2f3 Qe7 17. Bd3 Qxc5 18. Rc1 Rae8 19. b4 Qe7 20. Qd2 Ne5 21. Nxe5 Qxe5 22. Nf3 Qg3 23. Bxg6 fxg6 24. Qxd5+ Kh8 25. a4 Re5 26. Qxb7 Rg5 27. Nxg5 Qh2# 0-1

[Event "Live Chess"]
[Site "Chess.com"]
[Date "2024.06.02"]
[Round "-"]
[White "Step-S"]
[Black "f4nomore"]
[Result "0-1"]
[WhiteElo "1227"]
[BlackElo "1284"]
[TimeControl "300"]
[EndTime "8:09:08 PDT"]
[Termination "f4nomore won by checkmate"]

1. e4 g6 2. d4 Bg7 3. c4 d6 4.
f3 Nf6 5. Nc3 Nbd7 6. Nge2 O-O 7. Ng3 b6 8. Be2 Bb7 9. O-O c5 10. d5 h5 11. Bd3 Nh7 12. Re1 Ne5 13. Bc2 Nxc4 14. b4 Bxc3 15. Re2 Bxa1 16. Qd3 Bd4+ 17.
Kh1 Ne5 18. Qd1 Bc8 19. f4 Ng4 20. f5 Nf2+ 21. Rxf2 Bxf2 22. fxg6 fxg6 23. Nxh5 gxh5 24. Qxh5 Qe8 25. Qe2 Qf7 26. e5 dxe5 27. Qxe5 Bd4 28. Qe4 Qf1# 0-1

[Event "Live Chess"]
[Site "Chess.com"]
[Date "2024.06.02"]
[Round "-"]
[White "E2E4colchester"]
[Black "elephantgerrald"]
[Result "0-1"]
[WhiteElo "1031"]
[BlackElo "871"]
[TimeControl "300"]
[EndTime "8:09:17 PDT"]
[Termination "elephantgerrald won by checkmate"]

1. d4 d5 2. c4 dxc4 3. e4 Nf6 4.
Nc3 e5 5. dxe5 Qxd1+ 6. Kxd1 Ng4 7. f3 Nf2+ 8. Kc2 Nxh1 9. Nh3 Bxh3 10. Bxc4 Bxg2 11.
Bf4 Nf2 12. e6 fxe6 13. Bxe6 Bxf3 14. Rf1 Bxe4+ 15. Nxe4 Nxe4 16. Rd1 Bd6 17. Bxd6 Nxd6 18. Bd5 Nc6 19. Re1+ Ne7 20. Bxb7 Nxb7 21. Re6 Rf8 22. Kb3 Rf6 23. Re4 Rf7 24. Rc4 O-O-O 25. h3 Na5+ 26.
Kc3 Nxc4 27. Kxc4 Rf4+ 28. Kb3 Rd3+ 29. Kc2 Rff3 30. a3 Rde3 31. h4 Re2+ 32. Kb1 Nd5 33. h5 Nc3+ 34. bxc3 Rf1# 0-1

[Event "Live Chess"]
[Site "Chess.com"]
[Date "2024.06.02"]
[Round "-"]
[White "Frankie_Badacsonyi"]
[Black "nitrofish07"]
[Result "1/2-1/2"]
[WhiteElo "2363"]
[BlackElo "2087"]
[TimeControl "300"]
[EndTime "8:09:19 PDT"]
[Termination "Game drawn by agreement"]

1. Nf3 Nf6 2. g3 g6 3. Bg2 Bg7 4. O-O O-O 5. c4 c6 6. Nc3 d5 7.
cxd5 cxd5 8. d4 Nc6 9. Ne5 Bf5 10. Nxc6 bxc6 11. Bf4 Ne4 12. Rc1 e6 13. b3 Nxc3 14. Rxc3 Rc8 15. Qd2 Qb6 16. Be3 e5 17. dxe5 c5 18.
Bxd5 Bxe5 19. Rcc1 Rfd8 20. Rfd1 Be6 21. Bg5 Rxd5 22. Qxd5 Bxd5 23. Rxd5 Bf6 24. Be3 Qe6 25. Rdxc5 Rxc5 26. Rxc5 Kg7 27. Ra5 a6 28. Ra4 h6 29.
h4 Qd6 30. Kg2 Qd5+ 31. f3 Qe6 32. Kf2 Qc6 33. Rc4 Qb5 34. Ra4 Be7 35. Rc4 h5 36. Kg2 Bd8 37. Bd4+ Bf6 38. Be3 Qd5 39. Kf2 a5 40.
Ra4 Be7 41. Rc4 Bb4 42. Rd4 Qe5 43. Re4 Qb8 44. Rc4 Be7 45. Re4 Bf6 46. Rc4 1/2-1/2

[Event "Live Chess"]
[Site "Chess.com"]
[Date "2024.06.02"]
[Round "-"]
[White "Demyan7777"]
[Black "Dashman93"]
[Result "1-0"]
[WhiteElo "1916"]
[BlackElo "2123"]
[TimeControl "300"]
[EndTime "8:09:25 PDT"]
[Termination "Demyan7777 won by resignation"]

1. e4 Nc6 2. d4 e5 3. d5 Nce7 4. Nf3 Nh6 5. Nxe5 Ng6 6. Nxg6 hxg6 7. c4 Bc5 8. Nc3 d6 9. Be3 Bxe3 10. fxe3 Ng4 11. Qd2 Qg5 12. O-O-O Qxe3 13. h3 Qxd2+ 14. Rxd2 Ne5 15. Be2 Bd7 16. Rf1 O-O-O 17. b3 f6 18.
Bd1 g5 19. Ne2 g4 20. hxg4 Bxg4 21. Nd4 Bxd1 22. Rfxd1 Rh4 23. Ne6 Rdh8 24. Nxg7 Rxe4 25. Rf2 f5 26. Nxf5 Kd7 27. Nd4 Rg8 28. Kb2 Re3 29.
Kc2 Reg3 30. Rdd2 a6 31. Nf5 R3g5 32. Nd4 R8g7 33. Ne6 Ng4 34. Rfe2 Ne5 35. Nxg7 Rxg7 36. Re3 b5 37. cxb5 axb5 38. Kb2 b4 39. Re4 Rg3 40.
Kb1 Nd3 41. Kc2 Nc5 42. Rxb4 Rg5 43. g4 Re5 44. Rf4 Re3 45. Rg2 Nd3 46. Rf7+ Kd8 47. Kd2 Rh3 48. g5 Ne5 49. Rf5 Ke7 50. g6 Rh8 51. g7 Rg8 52. Ke3 Nd7 53. Rfg5 Nf6 54. Rc2 Kd7 55. a4 Rb8 56. Rc3 Re8+ 57. Kf3 Rg8 58.
Kf4 Kc8 59. Kf5 Nxd5 60. Rd3 c6 61. Rxd5 cxd5 62. Kf6 Rd8 63. g8=Q 1-0

[Event "Live Chess"]
[Site "Chess.com"]
[Date "2024.06.02"]
[Round "-"]
[White "Ferrarifan27"]
[Black "HoarseyHorsey"]
[Result "1-0"]
[WhiteElo "2146"]
[BlackElo "1586"]
[TimeControl "300"]
[EndTime "8:09:30 PDT"]
[Termination "Ferrarifan27 won by resignation"]

1. e4 c5 2. Nf3 e6 3. d4 cxd4 4. Nxd4 Nf6 5. Bd3 Nc6 6. Nxc6 bxc6 7. O-O d5 8. e5 Nd7 9. f4 Be7 10. Nc3 O-O 11. Kh1 Bb7 12. Rf3 f6 13. exf6 Nxf6 14.
Qe2 c5 15. Qxe6+ Kh8 16. Re3 d4 17. Qxe7 dxe3 18. Qxb7 Qd4 19. Qf3 Rae8 20. Ne2 Qb4 21. c3 Qb6 22. Bxe3 Qxb2 23. Rb1 Qa3 24. g4 Nd7 25. Qh3 h6 26. g5 Rxe3 27. Qxe3 h5 28. Qh3 c4 29. Qxh5+ Kg8 30. Bxc4+ 1-0

[Event "Live Chess"]
[Site "Chess.com"]
[Date "2024.06.02"]
[Round "-"]
[White "CheckThis4"]
[Black "juniortay"]
[Result "1-0"]
[WhiteElo "2677"]
[BlackElo "2268"]
[TimeControl "300"]
[EndTime "8:09:31 PDT"]
[Termination "CheckThis4 won by checkmate"]

1. d4 Nf6 2. c4 g6 3. Nc3 Bg7 4. e4 d6 5. Nge2 O-O 6. Ng3 a6 7.
Bd3 c5 8. d5 b5 9. cxb5 axb5 10. Bxb5 Ba6 11. Bxa6 Rxa6 12. O-O Nbd7 13. f4 Qb6 14.
Qe2 Rfa8 15. e5 Ne8 16. e6 Ndf6 17. f5 Nc7 18. exf7+ Kxf7 19. fxg6+ hxg6 20. Nge4 Qb4 21. Ng5+ Kg8 22. Qxe7 Nce8 23. Qe6+ Kh8 24. Rf4 c4 25. Rh4+ Nh5 26. Qxg6 Nf6 27. Rxh5+ Nxh5 28. Qh7# 1-0

[Event "Live Chess"]
[Site "Chess.com"]
[Date "2024.06.02"]
[Round "-"]
[White "DJ_Lambton"]
[Black "goldinspiredphoenix"]
[Result "1-0"]
[WhiteElo "1793"]
[BlackElo "1482"]
[TimeControl "300"]
[EndTime "8:09:43 PDT"]
[Termination "DJ_Lambton won by checkmate"]

1. c4 e5 2. g3 Nf6 3. Bg2 Bc5 4. Nc3 Nc6 5. Nf3 d6 6. d3 Bg4 7. O-O O-O 8. a3 Bb6 9. b4 a5 10. b5 Ne7 11. Bb2 Rb8 12. Qd2 h6 13. a4 Bc5 14.
e3 b6 15. d4 exd4 16. exd4 Bb4 17. Qd3 Bf5 18. Qd2 Ne4 19. Qe3 Nxc3 20. Bxc3 Bxc3 21. Qxc3 Ng6 22. Rae1 Qf6 23. Nh4 Nxh4 24. gxh4 Qxh4 25.
c5 dxc5 26. dxc5 Qxa4 27. cxb6 cxb6 28. Bc6 Qg4+ 29. Qg3 Qxg3+ 30. fxg3 Rfd8 31. Rxf5 f6 32. Rf3 Kf7 33. Rfe3 Kg8 34. Re7 Kf8 35. Ra7 Rd2 36. Ree7 Rd1+ 37. Kg2 Rd2+ 38. Kh3 g5 39. Rh7 Kg8 40.
Rag7+ Kf8 41. Rc7 Kg8 42. Rxh6 Rd6 43. Rhh7 a4 44. Ra7 a3 45. Rhd7 Rxd7 46. Bxd7 Rd8 47. Be6+ Kf8 48. Rxa3 Ke7 49. Re3 Kd6 50. Bg4 Kc5 51.
Be2 Rd2 52. Kg2 f5 53. Kf2 f4 54. Re5+ Kd4 55. Rxg5 fxg3+ 56. hxg3 Ke4 57. Rg6 Kd5 58. Rxb6 Kc5 59. Rf6 Kd5 60. b6 Rb2 61. Ke3 Kc5 62.
g4 Rxb6 63. Rxb6 Kxb6 64. Kf4 Kc7 65. Kf5 Kd7 66. Kg6 Ke8 67. Kh7 Kf8 68. g5 Kf7 69. g6+ Kf8 70. g7+ Ke7 71. g8=Q Kd7 72. Qg6 Ke7 73. Bg4 Kf8 74. Qg7+ Ke8 75. Kg6 Kd8 76. Qd7# 1-0

[Event "Live Chess"]
[Site "Chess.com"]
[Date "2024.06.02"]
[Round "-"]
[White "grillage"]
[Black "dmitro74"]
[Result "1-0"]
[WhiteElo "1870"]
[BlackElo "1739"]
[TimeControl "300"]
[EndTime "8:10:11 PDT"]
[Termination "grillage won on time"]

1. d4 d5 2. Nf3 Nf6 3. c4 dxc4 4. e3 Bg4 5. Bxc4 e6 6. O-O Be7 7. Nc3 O-O 8. b3 a6 9. Bb2 b5 10. Be2 c5 11. dxc5 Bxc5 12. Qc2 Qb6 13. Rac1 Nbd7 14. Rfd1 Rac8 15. Qb1 b4 16. Ne4 Bf5 17. Nxf6+ Nxf6 18. Bd3 Bxd3 19. Rxd3 Nd5 20. Rcd1 a5 21. Ne5 Rfd8 22.
Nc4 Qa7 23. Ba1 Re8 24. Qb2 f6 25. Qe2 a4 26. Qg4 f5 27. Qg3 g6 28. h4 axb3 29.
axb3 Bf8 30. Nd6 Bxd6 31. Qxd6 Qe7 32. Qe5 Nc3 33. Bxc3 bxc3 34. Rxc3 Rxc3 35. Qxc3 e5 36.
Qc4+ Kg7 37. Qb5 Kh6 38. b4 1-0

[Event "Live Chess"]
[Site "Chess.com"]
[Date "2024.06.02"]
[Round "-"]
[White "FREDERICKtheMATE"]
[Black "missedJariChance"]
[Result "1-0"]
[WhiteElo "2661"]
[BlackElo "1364"]
[TimeControl "300"]
[EndTime "8:10:43 PDT"]
[Termination "FREDERICKtheMATE won by resignation"]

1. e4 c5 2. Nf3 e6 3. c3 Nc6 4. d4 cxd4 5. cxd4 d5 6. e5 Qb6 7. Nc3 Bd7 8. a3 Nge7 9. Na4 Qc7 10. Bd3 b6 11. O-O Ng6 12. h4 Be7 13. g3 h5 14.
Bxg6 fxg6 15. Bg5 O-O-O 16. Rc1 Rde8 17. b4 Kb8 18. Bxe7 Rxe7 19. b5 1-0

[Event "Live Chess"]
[Site "Chess.com"]
[Date "2024.06.02"]
[Round "-"]
[White "best137"]
[Black "ClassyChameleon"]
[Result "1-0"]
[WhiteElo "1523"]
[BlackElo "1515"]
[TimeControl "300"]
[EndTime "8:10:46 PDT"]
[Termination "best137 won by checkmate"]

1. c4 e5 2. Nc3 Nc6 3. Nf3 Bc5 4. e3 Nf6 5. d4 exd4 6. exd4 Bb4 7. Bg5 h6 8. Bh4 O-O 9. Bd3 Re8+ 10. Be2 Bxc3+ 11. bxc3 Na5 12. O-O d5 13. cxd5 Qxd5 14.
Bxf6 gxf6 15. Nd2 Bf5 16. Bf3 Qd6 17. Qa4 Nc6 18. Rfe1 Bg6 19. Rxe8+ Rxe8 20. d5 Rd8 21. Nc4 Qf4 22. dxc6 bxc6 23. Qxc6 Rd3 24. Qe8+ Kg7 25.
Ne3 Rxc3 26. Rd1 Bc2 27. Rd8 Rxe3 28. Qg8# 1-0